 Dungeon Crawl Stone Soup version 0.30-b1-2-g02819fbbbe (webtiles) character file.

Game seed: 7857564380189954474

14 Borgoz the Trooper (level 2, -4/19 HPs)
             Began as a Gargoyle Fighter on June 25, 2023.
             Slain by Crazy Yiuf
             ... wielding a +2 quarterstaff of chaos
              (5 damage)
             ... on level 2 of the Dungeon.
             The game lasted 00:01:36 (602 turns).

Borgoz the Trooper (Gargoyle Fighter)                Turns: 602, Time: 00:01:36

Health: -4/19      AC: 10    Str: 19    XL:     2   Next: 45%
Magic:  0/2        EV: 14    Int:  8    God:
Gold:   66         SH:  4    Dex:  9    Spells: 1/1 levels left

rFire   . . .        o - +3 hammer
rCold   . . .        c - +0 buckler
rNeg    + . .        b - +0 scale mail
rPois   ∞            (no helmet)
rElec   +            (no cloak)
rCorr   .            l - +0 pair of gloves
SInv    .            (no boots)
Will    .....        (no amulet) Stlth
                     f - +5 ring of evasion
HPRegen 0.23/turn    (no ring)
MPRegen 0.08/turn

%: no passive effects
@: mighty
A: sickness immunity, AC +2, negative energy resistance 1, electricity
resistance, torment resistance 1, petrification resistance
a: no special abilities


You were on level 2 of the Dungeon.
You visited 1 branch of the dungeon, and saw 2 of its levels.

You collected 66 gold pieces.

Inventory:

Hand Weapons
 a - a +0 flail
 o - a +3 hammer (weapon)
Armour
 b - a +0 scale mail (worn)
 c - a +0 buckler (worn)
 l - a +0 pair of gloves (worn)
Jewellery
 f - a +5 ring of evasion (left hand)
Scrolls
 e - a scroll of silence {unknown}
 g - a scroll of fog {unknown}
 i - 2 scrolls of identify {unknown}
 m - a scroll of fear {unknown}
Potions
 h - 2 potions of attraction {unknown}
 j - 2 potions of heal wounds {unknown}
 k - a potion of cancellation {unknown}
 n - a potion of curing {unknown}


   Skills:
 + Level 3.4 Fighting
 * Level 2.4 Maces & Flails
 + Level 3.4 Armour
 + Level 3.4 Shields


You had one spell level left.
You didn't know any spells.
Your spell library contained the following spells:

 Spells                   Type           Power      Damage    Failure   Level
 Ignite Poison            Fire/Tmut/Pois 0%         N/A       99%         3
 Freezing Cloud           Conj/Ice/Air   0%         6-21      100%        5
 Cigotuvi's Dreadful Rot  Necr/Pois/Air  Unusable   N/A       N/A         2

Dungeon Overview and Level Annotations

Branches:
Dungeon (2/15)

Altars:

Annotations:
D:2 Crazy Yiuf


Innate Abilities, Weirdness & Mutations

You are immune to sickness and miasma.
Your stone body is resilient. (AC +2)
You are immune to poison.
You resist negative energy. (rN+)
You are resistant to electric shocks. (rElec)
You are resistant to unholy torment.
You are immune to petrification.


Message History

You see here a +3 hammer.
You see here a +0 antimagic hammer.
You see here a +3 hammer.
o - a +3 hammer
o - a +3 hammer (weapon)
Found a hammer.
Found a runed translucent door.
Crazy Yiuf shouts!
Crazy Yiuf says, "Crazy?
Crazy!?
PORCUPINE!"
Crazy Yiuf cries, "Mugger!
Snoogle broken testudinal."
You open the door.
Crazy Yiuf says, "Prologue!
Shower Orb Guardian poople."
Sorry, you're not good enough to have a special ability.
Sorry, you're not good enough to have a special ability.
You barely miss Crazy Yiuf.
Crazy Yiuf yells, "Snurf!"
You block Crazy Yiuf's attack.
You hit Crazy Yiuf.
Crazy Yiuf is moderately wounded.
Crazy Yiuf closely misses you.
Crazy Yiuf hits you with a +2 quarterstaff of chaos.
You hit Crazy Yiuf.
Crazy Yiuf is moderately wounded.
Crazy Yiuf hits you with a +2 quarterstaff of chaos!
You feel your power leaking away.
You closely miss Crazy Yiuf.
Crazy Yiuf is moderately wounded.
Crazy Yiuf yells, "Island cloud song!"
Crazy Yiuf closely misses you.
Okay, then.
Okay, then.
You feel very mighty all of a sudden.
Crazy Yiuf hits you with a +2 quarterstaff of chaos!
* * * LOW HITPOINT WARNING * * *
Crazy Yiuf burns you.
* * * LOW HITPOINT WARNING * * *
You hit Crazy Yiuf.
Crazy Yiuf is heavily wounded.
Crazy Yiuf completely misses you.
Crazy Yiuf hits you with a +2 quarterstaff of chaos.
You die...

.........######....#
........<# #....#
....##.##### ♣....♣
######.....# ♣♣)..♣
####### ♣♣.♣♣ ♣♣.♣
♣.♣♣ ♣♣.♣ ♣@♣♣ #g#
... #...# #)..#
#####


You could see Crazy Yiuf.

Vanquished Creatures
  A dart slug (D:1)
  A bat (D:1)
  A goblin (D:1)
  3 hobgoblins (D:1)
  A kobold (D:1)
  A quokka (D:1)
  A ball python (D:1)
  A frilled lizard (D:1)
  A rat (D:1)
11 creatures vanquished.

Notes
Turn   | Place    | Note
-------+----------+-------------------------------------------
     0 | D:1      | Borgoz the Gargoyle Fighter began the quest for the Orb.
     0 | D:1      | Reached XP level 1. HP: 14/14 MP: 1/1
   256 | D:1      | Reached XP level 2. HP: 19/19 MP: 2/2
   592 | D:2      | Found a runed translucent door.
   593 | D:2      | Noticed Crazy Yiuf
   602 | D:2      | Slain by Crazy Yiuf

Illustrated notes

Levels and vault maps discovered:
D:1:      heliophobic_arrival_ceremonial_halls, layout_rooms,
          minmay_misc_feat_nine_boxes
D:2:      layout_basic, ebering_ecumenical_altar_petrified, basic_altar,
          uniq_crazy_yiuf_cottage

Action                     || total
---------------------------++-------
  Melee: Flail             ||    57
         Mace              ||     5
    Use: Potion            ||     1
 Armour: Scale mail        ||    26
  Dodge: Dodged            ||    31
  Block: Buckler           ||    16
